 Dungeon Crawl Stone Soup version 0.31-a0-145-g046c7d2549 (webtiles) character file.

Game seed: 11049664036532411318

23278 NateTC the Grappler (level 12, 0/123 HPs)
             Began as a Troll Fighter on June 6, 2023.
             Was an Elder of Wu Jian.
             Slain by a wolf (8 damage)
             ... on level 5 of the Lair of Beasts.
             The game lasted 00:29:15 (10230 turns).

NateTC the Grappler (Troll Fighter)                Turns: 10230, Time: 00:29:16

Health: 0/123      AC: 10    Str: 33    XL:     12   Next: 70%
Magic:  11/11      EV: 11    Int:  5    God:    Wu Jian [****..]
Gold:   1016       SH:  0    Dex: 12    Spells: 5/11 levels left

rFire   . .          .
                       - Unarmed
rCold   + . .        b - +4 kite shield
rNeg    + . .        c - +2 robe {rN+}
rPois   .            (helmet restricted)
rElec   .            v - +1 cloak "Dosopt" {rC+}
rCorr   .            (gloves unavailable)
SInv    .            (boots unavailable)
Will    .....        s - amulet of faith
Stlth   +            m - +6 ring of dexterity
HPRegen 1.20/turn    (no ring)
MPRegen 0.12/turn

%: faith
@: confused, ambrosia-drunk
A: large, unfitting armour, claws 3, regeneration 1, shaggy fur 1, tough skin 1,
iridescent scales 1, large bone plates 1, clumsy 1, strong 1, subdued magic 2
a: Renounce Religion, Wall Jump, Serpent's Lash


You were on level 5 of the Lair of Beasts.
You worshipped Wu Jian.
Wu Jian was greatly pleased with you.
You visited 3 branches of the dungeon, and saw 15 of its levels.

You collected 1016 gold pieces.

Inventory:

Armour
 b - a +4 kite shield (worn)
 c - a +2 robe of positive energy (worn)
 v - the +1 cloak "Dosopt" (worn) {rC+}
   (You found it on level 1 of the Lair of Beasts)

   rC:        It protects you from cold.
 y - the +0 kite shield of Grottiness {Contam +Inv rF+++ rC+}
   (You acquired it on level 2 of the Lair of Beasts)

   rF:        It renders you almost immune to fire.
   rC:        It protects you from cold.
   +Inv:      It lets you turn invisible.
   Contam:    It causes magical contamination when unequipped.
Jewellery
 e - a ring of ice
 l - an amulet of guardian spirit
 m - a +6 ring of dexterity (left claw)
 s - an amulet of faith (around neck)
 A - an amulet of the acrobat
 D - the amulet "Iniwid" {Acrobat -Cast +Blink Str+5 Stlth+}
   (You found it on level 3 of the Lair of Beasts)

   [amulet of the acrobat]

   It increases your evasion while moving and waiting.
   Str:       It affects your strength (+5).
   +Blink:    It lets you blink.
   -Cast:     It prevents spellcasting.
   Stlth:     It makes you more stealthy.
Wands
 h - a wand of roots (10)
 o - a wand of digging (7)
 p - a wand of acid (14)
 u - a wand of polymorph (1)
 w - a wand of flame (3)
 C - a wand of charming (5)
Scrolls
 B - a scroll of fear
 E - a scroll of silence
Potions
 a - 8 potions of ambrosia
 f - 3 potions of attraction
 g - a potion of cancellation {unknown}
 i - 8 potions of curing
 j - a potion of mutation
 k - 3 potions of degeneration {unknown}
 n - 2 potions of lignification {unknown}
 q - 4 potions of magic {unknown}
 t - 2 potions of enlightenment {unknown}
 x - 3 potions of brilliance
 z - a potion of heal wounds {unknown}


   Skills:
 + Level 9.0 Fighting
 + Level 6.8 Dodging
 + Level 9.8 Shields
 * Level 14.4 Unarmed Combat


You had 5 spell levels left.
You knew the following spells:

 Your Spells              Type           Power      Damage    Failure   Level
a - Statue Form           Tmut/Erth      0%         N/A       100%        6

Your spell library contained the following spells:

 Spells                   Type           Power      Damage    Failure   Level
 Foxfire                  Conj/Fire      0%         2x1d4     54%         1
 Magic Dart               Conj           0%         1d3       54%         1
 Call Imp                 Summ           0%         N/A       69%         2
 Lesser Beckoning         Tloc           0%         N/A       69%         2
 Dazzling Flash           Conj/Hex       0%         N/A       90%         3
 Gell's Gravitas          Tloc           0%         N/A       90%         3
 Hailstorm                Conj/Ice       0%         3d3       90%         3
 Mephitic Cloud           Conj/Pois/Air  0%         N/A       90%         3
 Teleport Other           Tloc           0%         N/A       90%         3
 Volatile Blastmotes      Fire/Tloc      0%         2d10      90%         3
 Ice Form                 Ice/Tmut       0%         N/A       100%        4
 Iskenderun's Mystic Bla  Conj/Tloc      0%         2d3       100%        4
 Petrify                  Tmut/Erth      0%         N/A       100%        4
 Summon Ice Beast         Ice/Summ       0%         N/A       100%        4
 Fireball                 Conj/Fire      0%         3d3       100%        5
 Metabolic Englaciation   Hex/Ice        0%         N/A       100%        5
 Summon Mana Viper        Hex/Summ       0%         N/A       100%        5
 Plasma Beam              Fire/Air       0%         2x1d10    100%        6
 Simulacrum               Ice/Necr       0%         N/A       100%        6
 Starburst                Conj/Fire      0%         6d3       100%        6
 Monstrous Menagerie      Summ           0%         N/A       100%        7


Dungeon Overview and Level Annotations

Branches:
Dungeon (9/15) Zot: 26196  Temple (1/1) D:4 Zot: 5927    Lair (5/5) D:9 Zot: 26761
  Swamp (0/4) Lair:3       Spider (0/4) Lair:3        Slime (0/5) Lair:5
    Orc: D:9-12

Altars:
Ashenzari
Cheibriados
Dithmenos
Elyvilon
Fedhas
Gozag
Hepliaklqana
Kikubaaqudgha
Makhleb
Nemelex Xobeh
Okawaru
Qazlal
Ru
Sif Muna
Trog
Uskayaw
Vehumet
Wu Jian
Xom
Yredelemnul
Zin
The Shining One

Annotations:
D:9 1 runed translucent door


Innate Abilities, Weirdness & Mutations

You are too large for most types of armour.
You have claws for hands.
Your natural rate of healing is unusually fast.
You are covered in fur. (AC +1)
You have tough skin. (AC +1)
You are partially covered in iridescent scales. (AC +2)
You are partially covered in large bone plates. (SH +4)
You are clumsy. (Dex -2)
Your muscles are strong. (Str +4, Int/Dex -1)
Your spells are easier to cast, but less powerful.


Message History

You block the elephant's attack.
The elephant trunk-slaps you but does no damage.
The wolf barely misses you.
Aiming: Wall Jump
Press: ? - help, Dir - move target You repeatedly attack the wolf from above.
You claw the wolf!
The wolf is heavily wounded.
You barely miss the wolf.
The wolf is heavily wounded.
The wolf misses you. The wolf bites you but does no damage.
You block the wolf's attack. The wolf bites you.
* * * LOW HITPOINT WARNING * * *
You block the wolf's attack. The wolf closely misses you. x2
You block the wolf's attack. The wolf bites you.
* * * LOW HITPOINT WARNING * * *
The wolf bites you.
* * * LOW HITPOINT WARNING * * *
The wolf bites you!
* * * LOW HITPOINT WARNING * * *
The wolf bites you but does no damage. x3
You feel better.
You block the wolf's attack. x2; The wolf bites you.
* * * LOW HITPOINT WARNING * * *
The wolf bites you but does no damage. The wolf barely misses you.
The wolf misses you. You block the wolf's attack.
You are confused.
You feel invigorated.
The wolf howls!
The wolf bites you but does no damage. The wolf completely misses you.
The wolf bites you!
* * * LOW HITPOINT WARNING * * *
The wolf bites you but does no damage. The wolf bites you.
* * * LOW HITPOINT WARNING * * *
The wolf misses you. The wolf closely misses you. x2
The elephant tramples the plant!!
The plant begins to die.
The elephant trunk-slaps the plant.
The wolf barely misses you.
You miss the wolf. The wolf barely misses you.
The wolf bites you but does no damage. The wolf barely misses you. x2
The wolf closely misses you. The wolf bites you!
You die...
P..... .P.. #.÷. ..# #Y# ##.# #.S## #Yhh#

#Yh@# #Phh.# #÷..
.. #.....# #..##
#.8.#P..P.# .
...###....#...h.#
.
....#..8.##.÷..##
.##.....÷..
P...## ..#...T..#
#...# #.#÷...# .


You could see 3 elephants, a water moccasin and 6 wolves.

Vanquished Creatures
  A hydra (Lair:4)
  Erica (Lair:2)
  A death yak (Lair:5)
  A skyshark (Lair:2)
  5 black mambas
  3 cane toads
  A rime drake (Lair:1)
  5 komodo dragons
  A queen bee (Lair:1)
  3 polar bears
  4 dream sheep (Lair:4)
  A hornet (D:8)
  5 blink frogs (Lair:1)
  28 yaks
  3 wyverns (Lair:3)
  6 basilisks
  2 redbacks (Lair:3)
  2 swamp worms (Lair:3)
  Edmund (D:4)
  17 water moccasins
  Duvessa (D:7)
  4 orc warriors
  3 ice beasts (D:6)
  3 black bears
  A sky beast (D:7)
  A centaur (D:6)
  2 ogres
  7 wolves
  A kobold brigand (D:7)
  3 phantoms (D:5)
  14 bullfrogs
  A scorpion (D:6)
  13 wights
  A water moccasin zombie (D:5)
  Dowan (D:7)
  30 killer bees
  A water moccasin skeleton (D:5)
  6 howler monkeys
  2 centaur zombies (D:5)
  3 hounds
  A jelly (D:6)
  3 orc priests (D:8)
  Crazy Yiuf (D:4)
  5 bullfrog zombies (D:5)
  3 sleepcaps
  5 iguanas
  9 orc wizards
  A hound zombie (D:5)
  A hound skeleton (D:5)
  A howler monkey skeleton (D:5)
  6 adders
  4 gnolls (D:8)
  3 white imps
  3 ufetubi
  An adder skeleton (D:5)
  2 worms
  4 dart slugs
  17 orcs
  8 ball pythons
  9 bats
  6 endoplasms
  7 giant cockroaches
  14 goblins
  5 hobgoblins
  16 kobolds
  3 quokkas
  3 frilled lizards
  4 rats
  A spectral goblin (D:4)
335 creatures vanquished.

Notes
Turn   | Place    | Note
-------+----------+-------------------------------------------
     0 | D:1      | NateTC the Troll Fighter began the quest for the Orb.
     0 | D:1      | Reached XP level 1. HP: 22/22 MP: 0/0
    91 | D:1      | Reached XP level 2. HP: 26/29 MP: 1/1
   636 | D:1      | Reached XP level 3. HP: 36/36 MP: 2/2
   975 | D:2      | Reached skill level 3 in Unarmed Combat
  1210 | D:2      | Reached XP level 4. HP: 43/44 MP: 3/3
  1212 | D:2      | Found a blossoming altar of Fedhas.
  2123 | D:3      | Found a hide-covered altar of Uskayaw.
  2342 | D:4      | Noticed a black bear
  2350 | D:4      | Killed a black bear
  2351 | D:4      | Reached skill level 4 in Unarmed Combat
  2351 | D:4      | Reached XP level 5. HP: 29/53 MP: 4/4
  2648 | D:4      | Found a sparkling altar of Nemelex Xobeh.
  2697 | D:4      | Found a staircase to the Ecumenical Temple.
  2707 | Temple   | Entered the Ecumenical Temple
  2825 | D:4      | Found a hazy altar of Hepliaklqana.
  2943 | D:4      | Found a runed translucent door.
  2944 | D:4      | Noticed Crazy Yiuf
  3122 | D:4      | Killed Crazy Yiuf
  3123 | D:4      | Reached XP level 6. HP: 27/61 MP: 5/5
  3207 | D:5      | Entered Level 5 of the Dungeon
  3255 | D:5      | Reached skill level 5 in Unarmed Combat
  3261 | D:5      | Noticed Edmund
  3375 | D:4      | Killed Edmund
  3376 | D:4      | Reached XP level 7. HP: 56/70 MP: 2/6
  3475 | D:5      | Reached skill level 6 in Unarmed Combat
  3566 | D:5      | Reached skill level 5 in Shields
  3566 | D:5      | Reached XP level 8. HP: 73/79 MP: 7/7
  3577 | D:5      | Reached skill level 7 in Unarmed Combat
  4108 | D:6      | Reached skill level 5 in Fighting
  4137 | D:6      | Reached skill level 8 in Unarmed Combat
  4304 | D:6      | Reached XP level 9. HP: 50/84 MP: 4/8
  4770 | D:7      | Reached skill level 9 in Unarmed Combat
  4778 | D:7      | Noticed Duvessa
  4786 | D:7      | Killed Duvessa
  4788 | D:7      | Noticed Dowan
  4897 | D:7      | Found a broken altar of Ashenzari.
  4906 | D:7      | Killed Dowan
  5555 | D:8      | Reached skill level 10 in Unarmed Combat
  5559 | D:8      | Found an ornate altar of the Wu Jian Council.
  5590 | D:8      | Reached XP level 10. HP: 47/100 MP: 5/9
  5630 | D:8      | Became a worshipper of the Wu Jian Council
  6172 | D:9      | Reached * piety under Wu Jian
  6173 | D:9      | Reached skill level 11 in Unarmed Combat
  6189 | D:9      | Found a bloodstained altar of Trog.
  6252 | D:9      | Found a runed translucent door.
  6253 | D:9      | Found a burning altar of Makhleb.
  6253 | D:9      | Noticed a sixfirhy
  6727 | D:9      | Found a staircase to the Lair.
  6921 | Lair:1   | Entered Level 1 of the Lair of Beasts
  7165 | Lair:1   | Reached XP level 11. HP: 98/109 MP: 10/10
  7224 | Lair:1   | Identified the +1 cloak "Dosopt" {rC+}
  7243 | Lair:1   | Reached skill level 12 in Unarmed Combat
  7297 | Lair:1   | Reached ** piety under Wu Jian
  7364 | Lair:1   | Reached skill level 5 in Dodging
  7621 | Lair:1   | Reached *** piety under Wu Jian
  7991 | Lair:1   | Learned a level 6 spell: Statue Form
  8130 | Lair:2   | Noticed Erica
  8151 | Lair:2   | Noticed a skyshark
  8211 | Lair:2   | Killed Erica
  8212 | Lair:2   | Reached skill level 13 in Unarmed Combat
  8288 | Lair:2   | Killed a skyshark
  8434 | Lair:2   | Reached XP level 12. HP: 40/120 MP: 11/11
  8543 | Lair:2   | Reached **** piety under Wu Jian
  8887 | Lair:2   | Identified a scroll of acquirement
  8887 | Lair:2   | Acquired the +0 kite shield of Grottiness {Contam +Inv
                  | rF+++ rC+}
  8912 | Lair:2   | Gained mutation: You have hidden genetic defects.
                  | [mutagenic glow]
  8983 | Lair:3   | Found a staircase to the Swamp.
  9005 | Lair:3   | Identified the +0 lajatang of Undoing {flame, Str+8 Dex-5
                  | SInv Stlth+}
  9052 | Lair:3   | Identified the amulet "Iniwid" {Acrobat -Cast +Blink Str+5
                  | Stlth+}
  9202 | Lair:3   | Gained mutation: You occasionally shout uncontrollably at
                  | your foes. [hidden defects]
  9294 | Lair:3   | Lost mutation: You have hidden genetic defects. [potion of
                  | mutation]
  9294 | Lair:3   | Lost mutation: You occasionally shout uncontrollably at
                  | your foes. [potion of mutation]
  9294 | Lair:3   | Gained mutation: You are frail. (-10% HP) [potion of
                  | mutation]
  9294 | Lair:3   | Gained mutation: You are clumsy. (Dex -2) [potion of
                  | mutation]
  9294 | Lair:3   | Gained mutation: Your muscles are strong. (Str +4, Int/Dex
                  | -1) [potion of mutation]
  9294 | Lair:3   | Gained mutation: You are resistant to electric shocks.
                  | (rElec) [potion of mutation]
  9296 | Lair:3   | Lost mutation: You are resistant to electric shocks.
                  | (rElec) [potion of mutation]
  9296 | Lair:3   | Lost mutation: You are frail. (-10% HP) [potion of
                  | mutation]
  9296 | Lair:3   | Gained mutation: Your spells are a little easier to cast,
                  | but a little less powerful. [potion of mutation]
  9296 | Lair:3   | Gained mutation: You are partially covered in large bone
                  | plates. (SH +4) [potion of mutation]
  9296 | Lair:3   | Gained mutation: Your spells are easier to cast, but less
                  | powerful. [potion of mutation]
  9296 | Lair:3   | Gained mutation: You are partially covered in iridescent
                  | scales. (AC +2) [potion of mutation]
  9450 | Lair:3   | Reached skill level 14 in Unarmed Combat
  9451 | Lair:3   | Found a hole to the Spider Nest.
  9700 | Lair:4   | Noticed an eight-headed hydra
  9711 | Lair:4   | Killed a ten-headed hydra
  9713 | Lair:4   | Noticed a seven-headed hydra
  9849 | Lair:4   | Noticed a seven-headed hydra
 10007 | Lair:5   | Entered Level 5 of the Lair of Beasts
 10158 | Lair:5   | Found a staircase to the Slime Pits.
 10191 | Lair:5   | Noticed a catoblepas
 10191 | Lair:5   | Noticed a death yak
 10191 | Lair:5   | Noticed a death yak
 10191 | Lair:5   | Noticed a death yak
 10191 | Lair:5   | Noticed a death yak
 10200 | Lair:5   | Killed a death yak
 10212 | Lair:5   | Noticed a deep troll shaman
 10227 | Lair:5   | HP: 4/123 [wolf (9)]
 10230 | Lair:5   | Slain by a wolf

Illustrated notes

Levels and vault maps discovered:
D:1:      minmay_arrival_five_plusses, layout_basic, serial_corexii_hall,
          corexii_hall_statues_u, corexii_hall_statues_i,
          chequers_hall_statues_wall_a, chequers_hall_statues_y,
          minmay_heptomino_w4
D:2:      layout_loops_corners, serial_rivers, chequers_serial_rivers_micro_d,
          chequers_serial_rivers_micro_a, chequers_serial_rivers_small_b,
          chequers_serial_rivers_micro_d, basic_altar, grunt_ministairs_1
D:3:      layout_rooms, amcnicky_altar_gilded, roderic_roman_lattice
D:4:      layout_loops_ring, nicolae_hepliaklqana_monster_ancestors,
          mainiacjoe_overflow_cross_hatched, temple_green, st_stairs_11,
          uniq_crazy_yiuf_cottage
D:5:      layout_cave_pools, serial_undead, serial_undead_a, serial_undead_b,
          serial_undead_c, serial_undead_f, serial_undead_f, serial_undead_b,
          serial_undead_c, serial_undead_b, serial_undead_f, serial_undead_b,
          uniq_edmund
D:6:      layout_cave_pods
D:7:      layout_basic, ashenzari_altar_1, uniq_duvessa
D:8:      layout_rooms, old_standard_altar
D:9:      layout_cave_pools, nzn_makhleb_speed_demon, trog_book,
          lair_entry_dummy
Temple:   eino_wide_crystal_templ
Lair:1:   layout_roguey [special_room_bee], lemuel_fruit_tree,
          infiniplex_staircase_pool_2
Lair:2:   layout_hall_layers, uniq_erica
Lair:3:   layout_misc_corridors, minmay_swamp_entry_worms,
          spider_nest_entry_webs, grunt_megastairs_4
Lair:4:   layout_roguey, minmay_stone_trees_medium,
          grunt_forest_large_clearing_hut, serial_bayou_shore_b
Lair:5:   grunt_lair_end_beastmaster, layout_cave_pods, slime_entry_1

Skill      XL: |  1  2  3  4  5  6  7  8  9 10 11 12 |
---------------+-------------------------------------+-----
Shields        | 3 4 5 6 7 8 9 |  9.8
Unarmed Combat | 3 4 5 6 8 10 11 13 14 | 14.4
Fighting       | 3 4 5 6 7 8 9 |  9.0
Dodging        | 3 4 5 6 |  6.8

Action                     |  1- 3 |  4- 6 |  7- 9 | 10-12 || total
---------------------------+-------+-------+-------+-------++-------
  Melee: Unarmed           |   100 |   169 |   273 |   660 ||  1202
 Invoke: Serpent's Lash    |       |       |       |     2 ||     2
Ability: Lunge             |       |       |       |    45 ||    45
         Whirlwind         |       |       |       |    58 ||    58
         Wall Jump         |       |       |       |     2 ||     2
    Use: Scroll            |       |     7 |     6 |    11 ||    24
         Potion            |       |     1 |       |     9 ||    10
   Stab: Sleeping          |       |     2 |       |     2 ||     4
         Petrified         |       |       |       |     6 ||     6
         Petrifying        |       |       |       |     3 ||     3
 Armour: Robe              |    38 |    38 |    47 |   122 ||   245
         Skin              |       |       |     1 |       ||     1
  Dodge: Dodged            |    35 |    55 |   110 |   182 ||   382
  Block: Kite shield       |    37 |    62 |   164 |   455 ||   718

Table legend: (Time is in decaauts)
 A = Elapsed time spent in this place.
 B = Non-inter-level travel time spent in this place.
 C = Inter-level travel time spent in this place.
 D = Time resting spent in this place.
 E = Time spent auto-exploring this place.
 F = Levels seen in this place.
 G = Mean time per level.
                   A        B        C        D        E       F      G
               +--------+--------+--------+--------+--------+-----+--------+
         Total |  10142 |   9782 |    360 |   1188 |   5322 |  15 |  676.1 |
       Dungeon |   6832 |   6562 |    270 |    482 |   4339 |   9 |  759.1 |
        Temple |     72 |     50 |     22 |      0 |     40 |   1 |   72.0 |
          Lair |   3237 |   3170 |     67 |    706 |    943 |   5 |  647.4 |
               +--------+--------+--------+--------+--------+-----+--------+

Top non-repeatable levels by time:
  Lair:1: 1220 daAuts
     D:2: 1000 daAuts
     D:1: 897 daAuts
     D:6: 856 daAuts
     D:4: 851 daAuts
     D:9: 803 daAuts
  Lair:2: 767 daAuts
     D:7: 714 daAuts
     D:5: 693 daAuts
  Lair:3: 678 daAuts
     D:8: 563 daAuts
     D:3: 452 daAuts
  Lair:4: 350 daAuts
  Lair:5: 221 daAuts
  Temple: 72 daAuts
